 Dungeon Crawl Stone Soup version 0.26.0-16-gc1dbca0489 (webtiles) character file.

Game seed: 10891599504368516066

76 thiole the Sneak (level 4, 0/27 HPs)
             Began as an Octopode Hedge Wizard on Jan 20, 2021.
             Slain by a gnoll
             ... wielding a +0 flail
              (7 damage)
             ... on level 2 of the Dungeon.
             The game lasted 00:02:20 (2565 turns).

thiole the Sneak (Octopode Hedge Wizard)            Turns: 2565, Time: 00:02:20

Health: 0/27       AC:  1    Str:  9    XL:     4   Next: 32%
Magic:  2/9        EV: 13    Int: 17    God:
Gold:   92         SH:  0    Dex: 11    Spells: 3/9 levels left

rFire    . . .     SeeInvis .   a - +0 dagger
rCold    . . .     Faith    .   (no shield)
rNeg     . . .     Spirit   .   b - +0 hat
rPois    .         Reflect  .   (no amulet)
rElec    .         Harm     .   (no ring)
rCorr    .         Rampage  .   (no ring)
Will     .....                  (no ring)
Stlth    +++.......             (no ring)
HPRegen  0.09/turn              (no ring)
MPRegen  0.11/turn              (no ring)
                                (no ring)
                                (no ring)

@: lethally poisoned (0 -> -15)
A: almost no armour, stealthy swim, amphibious, 8 rings, constrict 8, camouflage
1, gelatinous body 1
a: no special abilities


You were on level 2 of the Dungeon.
You visited 1 branch of the dungeon, and saw 3 of its levels.

You collected 92 gold pieces.

Inventory:

Hand Weapons
 a - a +0 dagger (weapon)
Missiles
 o - 5 large rocks
Armour
 b - a +0 hat (worn)
Jewellery
 p - an uncursed ring of magical power {unknown}
 q - an uncursed amulet of faith {unknown}
Scrolls
 c - a scroll of remove curse {unknown}
 d - 6 scrolls of identify {unknown}
 g - 2 scrolls of enchant armour {unknown}
 h - a scroll of blinking {unknown}
 k - 2 scrolls of teleportation {unknown}
Potions
 e - a potion of curing
 f - a potion of might {unknown}
 i - a potion of cancellation {unknown}
 j - 2 potions of berserk rage {unknown}
 l - 3 potions of brilliance {unknown}
 m - a potion of lignification {unknown}
 n - a potion of degeneration {unknown}


   Skills:
 - Level 2.0 Dodging
 * Level 4.1 Stealth
 + Level 3.4 Spellcasting
 - Level 2.0 Conjurations
 - Level 2.0 Summonings
 - Level 1.0 Translocations
 * Level 0.1 Air Magic
 * Level 0.2 Poison Magic


You had 3 spell levels left.
You knew the following spells:

 Your Spells              Type           Power        Failure   Level
a - Magic Dart            Conj           36%          8%          1
b - Call Imp              Summ           9%           11%         2
c - Mephitic Cloud        Conj/Pois/Air  5%           36%         3

Your spell library contained the following spells:

 Spells                   Type           Power        Failure   Level
 Blink                    Tloc           N/A          17%         2
 Slow                     Hex            2%           26%         2
 Conjure Flame            Conj/Fire      6%           32%         3


Dungeon Overview and Level Annotations

Branches:
Dungeon (3/15)

Altars:


Innate Abilities, Weirdness & Mutations

You cannot wear most types of armour.
You are very stealthy in the water. (Stealth+)
You are amphibious.
You can wear up to eight rings at the same time.
You can use your tentacles to constrict eight enemies at once.
Your skin changes colour to match your surroundings (Stealth+).
Your rubbery body absorbs attacks. (AC +1, EV +1)


Message History

The gnoll misses you.
The magic dart hits the gnoll.
The gnoll is moderately wounded.
The gnoll hits you from afar with a +0 spear of venom!
You are too injured to fight recklessly!
The gnoll closely misses you.
A gnoll comes into view. It is wielding a +0 spear.
The gnoll hits you with a +0 spear of venom.
You are poisoned.
You feel sick. The gnoll closely misses you.
There is a stone staircase leading up, spattered with blood here.
You see here a stone.
The gnoll completely misses you.
You climb upwards.
You feel sick.
There is a stone staircase leading down here.
The gnoll hits you from afar with a +0 spear of venom.
* * * LOW HITPOINT WARNING * * *
You are lethally poisoned!
The gnoll hits you with a +0 flail!
You die...

#...........##...
#)..........##...
#######..........##...
#..........#.#.####...
#.######.###.#.......)
#.# #.# #...######.
#.######.###...# #.
#.....##.......# #.
#####@#....##..## #.
#.g.........## #.
##g##.###....## #.
##.##.# #.....# #.
##..##.# ##....###.
#..###.# #.#...##.
###.## #.# #.##...#.
#######...## #.#
#..#.#... #..........#
#.## ##.#)..#.


You could see 2 gnolls.

Vanquished Creatures
  An adder (D:2)
  An ooze (D:2)
  2 worms (D:2)
  2 dart slugs
  2 leopard geckos (D:1)
  A giant cockroach (D:2)
  6 hobgoblins
  9 kobolds
  A quokka (D:2)
  2 ball pythons (D:1)
  8 bats
  3 frilled lizards
  6 goblins
  5 rats
49 creatures vanquished.

Notes
Turn   | Place    | Note
-------+----------+-------------------------------------------
     0 | D:1      | thiole the Octopode Hedge Wizard began the quest for the
                  | Orb.
     0 | D:1      | Reached XP level 1. HP: 11/11 MP: 4/4
   198 | D:1      | Reached XP level 2. HP: 12/17 MP: 1/6
   303 | D:1      | Reached skill level 3 in Stealth
   561 | D:1      | Reached XP level 3. HP: 12/21 MP: 0/7
  1926 | D:2      | Reached XP level 4. HP: 15/27 MP: 1/9
  2193 | D:2      | Reached skill level 4 in Stealth
  2330 | D:2      | Learned a level 2 spell: Call Imp
  2334 | D:2      | Learned a level 3 spell: Mephitic Cloud
  2565 | D:2      | Slain by a gnoll

Illustrated notes

Levels and vault maps discovered:
D:1:      mrwooster_arrival_arrow, layout_basic
D:2:      layout_rooms, minmay_misc_feat_tower
D:3:      layout_rooms, amethyst_killhole

Skill      XL: |  1  2  3  4 |
---------------+-------------+-----
Stealth        | 3 4 |  4.1
Conjurations   | 2 |  2.0
Summonings     | 2 |  2.0
Dodging        | |  2.0
Spellcasting   | |  3.4
Translocations | |  1.0
Air Magic      | |  0.1
Poison Magic   | |  0.2

Action                   |  1- 3 |  4- 6 || total
-------------------------+-------+-------++-------
Melee: Dagger            |    47 |     8 ||    55
       Constrict         |    12 |     3 ||    15
       Tentacles         |     9 |     1 ||    10
 Cast: Magic Dart        |    73 |    32 ||   105
  Use: Potion            |     1 |       ||     1
Armor: Skin              |     4 |     1 ||     5
Dodge: Dodged            |    39 |     8 ||    47
